 Dungeon Sprint DCSS version 0.29-a0-284-gf9362112df (webtiles) character file.

Game seed: 11421569258304746942

924 mhtbhm the Cleaver (level 7, 0/117 HPs)
             Began as a Minotaur Berserker on Mar 20, 2022.
             Was a High Priest of Trog.
             Slain by a polar bear (1 damage)
             ... in the Dungeon (Sprint VII: "The Pits").
             The game lasted 00:01:05 (580 turns).

mhtbhm the Cleaver (Minotaur Berserker)              Turns: 580, Time: 00:01:06

Health: 0/117      AC: 13    Str: 24    XL:     7   Next: 84%
Magic:  6/6        EV: 10    Int:  4    God:    Trog [*****.]
Gold:   0          SH:  0    Dex:  9    Spells: 6/6 levels left

rFire   . . .      SeeInvis .   a - +0 war axe (flame)
rCold   . . .      Faith    .   (no shield)
rNeg    . . .      Spirit   .   b - +3 chain mail
rPois   .          Reflect  .   (helmet restricted)
rElec   .          Harm     .   (no cloak)
rCorr   .          Rampage  .   (no gloves)
Will    .....      NoTele   +   (no boots)
Stlth   ..........              (no amulet)
HPRegen 0.29/turn               (no ring)
MPRegen 0.10/turn               (no ring)

@: berserking, very quick
A: horns 2, retaliatory headbutt
a: Renounce Religion, Berserk, Trog's Hand, Brothers in Arms


You were in the Dungeon.
You worshipped Trog.
Trog was extremely pleased with you.
You visited 1 branch

Inventory:

Hand Weapons
 a - a +0 war axe of flaming (weapon)
Armour
 b - a +3 chain mail (worn)
Wands
 k - a wand of flame (13)
Scrolls
 h - a scroll of blinking
 j - a scroll of summoning
Potions
 c - 6 potions of curing
 d - 6 potions of heal wounds
 e - a potion of haste
 f - 4 potions of magic
 g - 3 potions of berserk rage
 i - 2 potions of invisibility


   Skills:
 + Level 12.9 Fighting
 + Level 13.7 Axes
 + Level 7.0 Armour
 + Level 6.4 Dodging


You had 6 spell levels left.
You didn't know any spells.
Your spell library was empty.

Dungeon Overview and Level Annotations

Branches:
Dungeon (1/1)

Altars:
Cheibriados
Dithmenos
Elyvilon
Fedhas
Gozag
Hepliaklqana
Makhleb
Nemelex Xobeh
Okawaru
Qazlal
Ru
Sif Muna
Trog
Wu Jian
Xom
Yredelemnul
Zin
The Shining One
Jiyva


Innate Abilities, Weirdness & Mutations

You have a pair of horns on your head.
You reflexively headbutt those who attack you in melee.


Message History

You hit the polar bear but do no damage.
Your headbutt misses the polar bear.
The polar bear is moderately wounded.
The polar bear closely misses you. x2
The polar bear claws you but does no damage.
You hit the polar bear but do no damage.
The polar bear is moderately wounded.
The polar bear bites you! The polar bear barely misses you.
The polar bear closely misses you.
You slash the polar bear! You burn the polar bear.
The polar bear is severely wounded.
The polar bear bites you! The polar bear barely misses you.
The polar bear claws you but does no damage.
You hit the polar bear. You burn the polar bear.
The polar bear is severely wounded.
The polar bear goes berserk!
You closely miss the polar bear. You headbutt the polar bear!
The polar bear is almost dead.
The polar bear bites you!!
* * * LOW HITPOINT WARNING * * *
The polar bear claws you.
* * * LOW HITPOINT WARNING * * *
The polar bear claws you but does no damage.
A red film seems to cover your vision as you go berserk!
You feel yourself moving faster!
You feel mighty! The polar bear bites you.
* * * LOW HITPOINT WARNING * * *
The polar bear claws you.
* * * LOW HITPOINT WARNING * * *
The polar bear closely misses you.
You hit the polar bear but do no damage.
The polar bear is almost dead.
The polar bear bites you!!
* * * LOW HITPOINT WARNING * * *
The polar bear claws you but does no damage. x2
You hit the polar bear but do no damage.
The polar bear is almost dead.
The polar bear bites you.
* * * LOW HITPOINT WARNING * * *
The polar bear claws you.
You die...

#.#...†.#))##.......#
#.##)####))##.......#
#.#.....#..##.......#
#.#.....#'###...<...#
#.#........##.......#
#.#........##.......#
#)###########.......#
#)).....#..##########
#...#...#@## ###
#...#...#h# ...#
#.##.##.#Y#....#
#...#...#.'.Y..+
#...#...#†#....#
#.......).#....#
########### ####


You could see a polar bear (berserk) and an ice beast.

Vanquished Creatures
  A black mamba (D)
  A steam dragon (D)
  A floating eye (D)
  An ogre (D)
  Blork the orc (D)
  A gnoll sergeant (D)
  A quasit (D)
  An orc priest (D)
  Terence (D)
  An orc wizard (D)
  3 gnolls (D)
  A white imp (D)
  5 orcs (D)
  A bat (D)
  An endoplasm (D)
  A giant cockroach (D)
  A hobgoblin (D)
  2 jackals (D)
  A kobold (D)
26 creatures vanquished.

Notes
Turn   | Place    | Note
-------+----------+-------------------------------------------
     0 | D        | mhtbhm the Minotaur Berserker began the quest for the Orb.
     0 | D        | Reached XP level 1. HP: 19/19 MP: 0/0
    17 | D        | Reached skill level 4 in Axes
    96 | D        | Found a bloodstained altar of Trog.
    96 | D        | Found a shimmering blue altar of Sif Muna.
    96 | D        | Found a viscous altar of Jiyva.
    96 | D        | Found a hazy altar of Hepliaklqana.
    96 | D        | Found an opulent altar of Gozag.
    97 | D        | Found a glowing golden altar of the Shining One.
    97 | D        | Found a glowing silver altar of Zin.
    97 | D        | Found a basalt altar of Yredelemnul.
    97 | D        | Found a shimmering altar of Xom.
    97 | D        | Found an ornate altar of the Wu Jian Council.
    97 | D        | Found a sacrificial altar of Ru.
    97 | D        | Found a stormy altar of Qazlal.
    97 | D        | Found an iron altar of Okawaru.
    97 | D        | Found a sparkling altar of Nemelex Xobeh.
    97 | D        | Found a burning altar of Makhleb.
    97 | D        | Found a blossoming altar of Fedhas.
    97 | D        | Found a white marble altar of Elyvilon.
    97 | D        | Found a shadowy altar of Dithmenos.
    97 | D        | Found a snail-covered altar of Cheibriados.
   136 | D        | Reached ** piety under Trog
   183 | D        | Reached XP level 2. HP: 28/28 MP: 1/1
   186 | D        | Noticed a floating eye
   191 | D        | Killed a floating eye
   191 | D        | Reached *** piety under Trog
   192 | D        | Reached skill level 8 in Axes
   192 | D        | Reached XP level 3. HP: 37/40 MP: 2/2
   192 | D        | Reached XP level 4. HP: 44/48 MP: 3/3
   294 | D        | Noticed Terence
   295 | D        | Noticed Blork the orc
   300 | D        | Reached XP level 5. HP: 56/56 MP: 4/4
   300 | D        | Reached **** piety under Trog
   301 | D        | Reached skill level 9 in Axes
   302 | D        | Killed Terence
   303 | D        | Reached skill level 5 in Armour
   306 | D        | Killed Blork the orc
   306 | D        | Reached ***** piety under Trog
   307 | D        | Reached skill level 10 in Fighting
   307 | D        | Reached skill level 10 in Axes
   307 | D        | Reached skill level 5 in Dodging
   307 | D        | Reached XP level 6. HP: 66/66 MP: 5/5
   314 | D        | Received a gift from Trog
   401 | D        | Noticed a steam dragon
   403 | D        | Killed a steam dragon
   404 | D        | Reached skill level 11 in Axes
   418 | D        | Reached skill level 12 in Axes
   418 | D        | Reached XP level 7. HP: 53/74 MP: 6/6
   562 | D        | Noticed a black mamba
   562 | D        | Noticed a polar bear
   569 | D        | Killed a black mamba
   569 | D        | Received a gift from Trog
   570 | D        | Reached skill level 13 in Axes
   579 | D        | HP: 2/117 [polar bear (21)]
   580 | D        | Slain by a polar bear

Illustrated notes

Levels and vault maps discovered:
D:        pitsprint [storerooms_1, entrance_room_1, metal_vault_2, armoury_1,
          mini_pit_1, grid_room_1, main_hall_1, silver_pit, the_coven_3,
          the_vestibule_1, steel_vault_3, golden_pit, hallway_of_sentries,
          crystal_vault_2, iron_vault_3, final_vault]

Skill      XL: |  1  2  3  4  5  6  7 |
---------------+----------------------+-----
Fighting       | 4 7 8 10 11 12 | 12.9
Axes           | 4 8 10 12 13 | 13.7
Armour         | 4 5 6 7 |  7.0
Dodging        | 3 4 5 6 |  6.4

Action                   |  1- 3 |  4- 6 |  7- 9 || total
-------------------------+-------+-------+-------++-------
Melee: Hand axe          |     6 |       |       ||     6
       War axe           |     5 |    37 |    18 ||    60
       Headbutt          |     2 |     3 |     2 ||     7
       Punch             |       |     1 |       ||     1
Invok: Berserk           |       |     1 |     2 ||     3
Armor: Animal skin       |     1 |     1 |       ||     2
       Chain mail        |       |    16 |     9 ||    25
Dodge: Dodged            |     3 |    11 |    11 ||    25

Table legend: (Time is in decaauts)
 A = Elapsed time spent in this place.
 B = Non-inter-level travel time spent in this place.
 C = Inter-level travel time spent in this place.
 D = Time resting spent in this place.
 E = Time spent auto-exploring this place.
 F = Levels seen in this place.
 G = Mean time per level.
                   A        B        C        D        E       F      G
               +--------+--------+--------+--------+--------+-----+--------+
         Total |    599 |    599 |      0 |    363 |     28 |   1 |  599.0 |
       Dungeon |    599 |    599 |      0 |    363 |     28 |   1 |  599.0 |
               +--------+--------+--------+--------+--------+-----+--------+

Top non-repeatable levels by time:
       D: 599 daAuts
